 Dungeon Crawl Stone Soup version 0.28.0-45-g0d030f2227 (webtiles) character file.

Game seed: 13634078641961564623

486 Antichthon the Grasshopper (level 7, 0/62 HPs)
             Began as a Naga Warper on Apr 11, 2022.
             Slain by an iguana (11 damage)
             ... on level 5 of the Dungeon.
             The game lasted 00:12:38 (7880 turns).

Antichthon the Grasshopper (Naga Warper)            Turns: 7880, Time: 00:12:40

Health: 0/62       AC:  6    Str: 13    XL:     7   Next: 13%
Magic:  11/11      EV:  9    Int: 14    God:
Gold:   177        SH:  0    Dex: 12    Spells: 6/11 levels left

rFire   + . .      SeeInvis +   a - +4 great sword
rCold   . . .      Faith    .   (shield currently unavailable)
rNeg    . . .      Spirit   .   k - +1 leather armour {rF+}
rPois   +          Reflect  .   (no helmet)
rElec   .          Harm     .   p - +0 cloak
rCorr   .          Rampage  .   (no gloves)
Will    .....                   (no barding)
Stlth   ++........              (no amulet)
HPRegen 0.20/turn               r - ring of flight
MPRegen 0.12/turn               (no ring)

@: flying, very slow
A: AC +2, large, see invisible, deformed body, poison resistance, slowness 2,
spit poison 1, naga tail 1
a: Spit Poison


You were on level 5 of the Dungeon.
You visited 1 branch of the dungeon, and saw 5 of its levels.

You collected 177 gold pieces.

Inventory:

Hand Weapons
 a - a +4 great sword (weapon)
Missiles
 d - 5 boomerangs of dispersal (quivered)
 o - 5 javelins
Armour
 k - a +1 leather armour of fire resistance (worn)
 p - a +0 cloak (worn)
Jewellery
 r - a ring of flight (left hand)
Wands
 b - a wand of flame (44)
 u - a wand of iceblast (8)
Scrolls
 c - a scroll of blinking
 e - a scroll of fog
 f - 2 scrolls of teleportation
 g - 2 scrolls of amnesia
 i - a scroll of silence {unknown}
 j - a scroll of noise {unknown}
Potions
 h - a potion of flight {unknown}
 l - 4 potions of curing {unknown}
 m - a potion of magic {unknown}
 n - a potion of brilliance {unknown}
 q - a potion of cancellation {unknown}
 s - a potion of attraction {unknown}
 t - a potion of heal wounds {unknown}


   Skills:
 * Level 3.1 Fighting
 * Level 2.9 Long Blades
 - Level 2.5 Axes
 - Level 0.8 Throwing
 * Level 2.4 Armour
 * Level 2.2 Dodging
 * Level 3.9 Stealth
 * Level 2.8 Spellcasting
 * Level 3.9 Translocations


You had 6 spell levels left.
You knew the following spells:

 Your Spells              Type           Power      Damage    Failure   Level
a - Blink                 Tloc           26%        N/A       9%          2
b - Teleport Other        Tloc           13%        N/A       16%         3

Your spell library contained the following spells:

 Spells                   Type           Power      Damage    Failure   Level
 Gell's Gravitas          Tloc           13%        N/A       16%         3
 Lesser Beckoning         Tloc           13%        N/A       16%         3
 Manifold Assault         Tloc           13%        N/A       83%         5
 Summon Forest            Summ/Tloc      3%         N/A       98%         5
 Summon Mana Viper        Hex/Summ       1%         N/A       100%        5
 Summon Cactus Giant      Summ           0%         N/A       100%        6


Dungeon Overview and Level Annotations

Branches:
Dungeon (5/15)
 Temple: D:4-7

Altars:
Fedhas
Vehumet
Xom

Annotations:
D:2 1 runed translucent door, Crazy Yiuf


Innate Abilities, Weirdness & Mutations

Your serpentine skin is tough. (AC +2)
You have supernaturally acute eyesight. (SInv)
Armour fits poorly on your strangely shaped body.
Your system is resistant to poisons. (rPois)
You cover ground very slowly.
You can spit poison.
You have a snake-like lower body.


Message History

The hound barely misses you. The black bear bites you.
* * * LOW HITPOINT WARNING * * *
The black bear completely misses you. The black bear closely misses you.
The hound bites you.
* * * LOW HITPOINT WARNING * * *
Blink to where?
Press: ? - help, Dir - move target
Found a book of Necromancy and a plate armour.
As you read the scroll of blinking, it crumbles to dust.
You see here a book of Necromancy.
You barely miss the hound. The hound bites you but does no damage.
The hound bites you.
* * * LOW HITPOINT WARNING * * *
The hound closely misses you.
The iguana hisses angrily.
You slash the hound!
The hound is heavily wounded.
The hound bites you but does no damage.
The hound stops to sniff the ground.
The hound closely misses you.
You barely miss the hound.
The hound is heavily wounded.
The hound closely misses you. The hound barely misses you.
You barely miss the hound.
The hound is heavily wounded.
The hound bites you.
* * * LOW HITPOINT WARNING * * *
The hound bites you but does no damage.
You hit the hound.
The hound is almost dead.
The hound barely misses you. The iguana closely misses you.
The hound barely misses you. The iguana barely misses you.
The hound bites you but does no damage.
You miss the hound.
The hound is almost dead.
The hound bites you.
* * * LOW HITPOINT WARNING * * *
The iguana bites you but does no damage.
The hound bites you but does no damage. The iguana bites you!
You die...

.. .# .. .#
##.# #######
.# ...
....... ..
..........#.
#.##(.#
..#####
#.##.##
##l....#
#....[###.@#
#.#....#.h##
#.##..###[:##
#.##Z## ##..#
#§##..#.#..##
#§##h.h.h.##
#.##..?##..#
#.##...##.
#.##...##.


You could see an iguana and a hound.

Vanquished Creatures
  An ogre (D:4)
  A phantom (D:5)
  A scorpion (D:4)
  2 electric eels (D:3)
  A hound (D:5)
  An iguana (D:4)
  3 gnolls (D:3)
  3 adders
  4 worms
  A dart slug (D:1)
  An orc (D:3)
  6 endoplasms
  3 giant cockroaches
  8 goblins
  8 hobgoblins
  7 jackals (D:1)
  5 kobolds
  9 ball pythons
  4 bats
  A frilled lizard (D:3)
  8 rats
  3 toadstools (D:1)
81 creatures vanquished.

Vanquished Creatures (others)
  A plant (D:3)
  A toadstool (D:1)
2 creatures vanquished.

Grand Total: 83 creatures vanquished

Notes
Turn   | Place    | Note
-------+----------+-------------------------------------------
     0 | D:1      | Antichthon the Naga Warper began the quest for the Orb.
     0 | D:1      | Reached XP level 1. HP: 19/19 MP: 3/3
    92 | D:1      | Reached XP level 2. HP: 4/26 MP: 5/5
   451 | D:1      | Reached skill level 1 in Stealth
   781 | D:1      | Found a faded altar of an unknown god.
   791 | D:1      | Reached skill level 1 in Armour
   796 | D:1      | Reached XP level 3. HP: 22/32 MP: 6/6
   815 | D:1      | Learned a level 2 spell: Blink
   819 | D:1      | Learned a level 3 spell: Teleport Other
  2305 | D:2      | Reached XP level 4. HP: 37/40 MP: 7/7
  2640 | D:2      | Found a runed translucent door.
  2641 | D:2      | Noticed Crazy Yiuf
  3321 | D:3      | Found a blossoming altar of Fedhas.
  3493 | D:3      | Found a transporter.
  3514 | D:3      | Found a transporter.
  3644 | D:3      | Reached XP level 5. HP: 36/46 MP: 8/8
  6741 | D:4      | Reached skill level 1 in Long Blades
  6746 | D:4      | Reached XP level 6. HP: 38/55 MP: 9/9
  7006 | D:4      | Found a radiant altar of Vehumet.
  7038 | D:4      | Found a shimmering altar of Xom.
  7725 | D:5      | Entered Level 5 of the Dungeon
  7863 | D:5      | Noticed a black bear
  7864 | D:5      | Reached XP level 7. HP: 27/62 MP: 11/11
  7880 | D:5      | Slain by an iguana

Illustrated notes

Levels and vault maps discovered:
D:1:      ldierk_water_garden, layout_loops_cross, ebering_ecumenical_altar_mist
D:2:      layout_loops_corners, uniq_crazy_yiuf_cottage
D:3:      gammafunk_steamed_eel, layout_basic, fedhas_altar_4,
          patterned_corridor
D:4:      layout_basic, mainiacjoe_overflow_catwalk_spiral
D:5:      layout_basic, nicolae_wu_jian_immortal_techniques, minmay_between

Skill      XL: |  1  2  3  4  5  6 |
---------------+-------------------+-----
Stealth        | 1 2 3 |  3.9
Armour         | 1 2 |  2.4
Dodging        | 2 |  2.2
Long Blades    | 1 2 |  2.9
Fighting       | 3 |  3.1
Axes           | |  2.5
Throwing       | |  0.8
Spellcasting   | |  2.8
Translocations | |  3.9

Action                   |  1- 3 |  4- 6 |  7- 9 || total
-------------------------+-------+-------+-------++-------
Melee: Hand axe          |   123 |    36 |       ||   159
       Punch             |     1 |       |       ||     1
       Great sword       |       |    46 |     9 ||    55
 Cast: Blink             |       |       |     1 ||     1
 Abil: Spit Poison       |    17 |    22 |       ||    39
  Use: Scroll            |     2 |     1 |     1 ||     4
 Stab: Distracted        |     1 |       |       ||     1
       Sleeping          |       |     5 |       ||     5
Armor: Leather armour    |    28 |    34 |    10 ||    72
Dodge: Dodged            |    61 |    50 |    13 ||   124
